 Dungeon Crawl Stone Soup version 0.31-a0-875-g02e7d12df6 (webtiles) character file.

Game seed: 6550120292287413812

797 retardedninja the Firebug (level 7, -5/39 HPs)
             Began as a Gargoyle Fire Elementalist on Oct 12, 2023.
             Was a Follower of Vehumet.
             Slain by an iguana (12 damage)
             ... on level 5 of the Dungeon.
             The game lasted 00:07:56 (6522 turns).

retardedninja the Firebug (GrFE)                    Turns: 6522, Time: 00:07:57

Health: -5/39      AC:  7    Str: 12    XL:     7   Next: 89%
Magic:  3/12       EV: 12    Int: 17    God:    Vehumet [*.....]
Gold:   270        SH:  5    Dex: 10    Spells: 10/13 levels left

rFire   . . .        d - +0 spear
rCold   . . .        (no shield)
rNeg    + . .        a - +0 robe
rPois   ∞            (no helmet)
rElec   +            (no cloak)
rCorr   .            (no gloves)
SInv    .            f - +0 pair of boots
Will    .....        q - amulet of reflection
Stlth   ++           (no ring)
HPRegen 0.26/turn    (no ring)
MPRegen 0.13/turn

%: reflection
@: studying Earth Magic
A: sickness immunity, AC +4, negative energy resistance 1, electricity
resistance, torment resistance 1, petrification resistance, hooves 1
a: Renounce Religion


You were on level 5 of the Dungeon.
You worshipped Vehumet.
Vehumet was aware of your devotion.
You visited 1 branch of the dungeon, and saw 5 of its levels.

You collected 270 gold pieces.

Inventory:

Hand Weapons
 d - a +0 spear (weapon)
Missiles
 g - a throwing net
Armour
 a - a +0 robe (worn)
 f - a +0 pair of boots (worn)
Jewellery
 q - an amulet of reflection (around neck)
Wands
 n - a wand of quicksilver (2)
Scrolls
 c - a scroll of fog {unknown}
 h - a scroll of torment {unknown}
 i - a scroll of teleportation {unknown}
 j - 2 scrolls of poison {unknown}
 k - 2 scrolls of blinking
 m - a scroll of amnesia {unknown}
 p - 2 scrolls of fear {unknown}
 s - a scroll of noise {unknown}
 w - a scroll of identify
Potions
 e - a potion of enlightenment {unknown}
 l - 4 potions of brilliance
 o - a potion of degeneration
 r - a potion of berserk rage
 t - a potion of lignification
 u - a potion of cancellation {unknown}
 v - 2 potions of curing {unknown}


   Skills:
 + Level 1.8 Fighting
 - Level 3.0 Dodging
 - Level 4.4 Stealth
 + Level 3.8 Spellcasting
 + Level 4.1 Conjurations
 + Level 4.8 Fire Magic
 + Level 1.3 Air Magic


You had 10 spell levels left.
You knew the following spells:

 Your Spells              Type           Power      Damage    Failure   Level
a - Foxfire               Conj/Fire      72%        2x1d7     2%          1
b - Scorch                Fire           38%        2d6       3%          2

Your spell library contained the following spells:

 Spells                   Type           Power      Damage    Failure   Level
 Magic Dart               Conj           68%        1d6       3%          1
 Summon Small Mammal      Summ           12%        N/A       16%         1
 Inner Flame              Hex/Fire       11%        N/A       19%         3
 Volatile Blastmotes      Fire/Tloc      22%        2d11      19%         3
 Flame Wave               Conj/Fire      18%        2d7       26%         4


Dungeon Overview and Level Annotations

Branches:
Dungeon (5/15)
 Temple: D:4-7

Altars:
Kikubaaqudgha
Sif Muna
Vehumet

Shops:
D:2 :

Annotations:
D:2 1 runed translucent door, Crazy Yiuf
D:5 1 runed translucent door


Innate Abilities, Weirdness & Mutations

You are immune to sickness and miasma.
Your stone body is resilient. (AC +4)
You are immune to poison.
You resist negative energy. (rN+)
You are resistant to electric shocks. (rElec)
You are resistant to unholy torment.
You are immune to petrification.
You have large cloven feet.


Message History

Casting: Scorch (safe; 3% risk of failure)
Confirm with . or Enter, or press ? or * to list all spells.
You don't have enough magic to cast this spell.
Unknown command.
Casting: Scorch (safe; 3% risk of failure)
Confirm with . or Enter, or press ? or * to list all spells.
You don't have enough magic to cast this spell.
Magic courses through your body. The gnoll closely misses you.
You block the iguana's attack.
Casting: Scorch (safe; 3% risk of failure)
Confirm with . or Enter, or press ? or * to list all spells.
Flames lash the gnoll.
The gnoll is burned terribly!
The gnoll is severely wounded.
You hear a bark!
A hound comes into view.
The iguana bites you. You block the gnoll's attack.
The gnoll hits you from afar with a +1 halberd of venom.
Casting: Scorch (safe; 3% risk of failure)
Confirm with . or Enter, or press ? or * to list all spells.
Flames lash the gnoll.
The gnoll is severely wounded.
The gnoll's fire resistance burns away.
The gnoll barely misses you. You block the gnoll's attack.
The iguana bites you.
Unknown command.
Casting: Scorch (safe; 3% risk of failure)
Confirm with . or Enter, or press ? or * to list all spells.
Flames lash the gnoll.
The gnoll is burned terribly!
You kill the gnoll!
Vehumet accepts your kill.
The gnoll hits you from afar with a +1 antimagic spear.
You feel your power leaking away. The iguana bites you!
* * * LOW HITPOINT WARNING * * *
Casting: Scorch (safe; 3% risk of failure)
Confirm with . or Enter, or press ? or * to list all spells.
Flames lash the iguana.
The iguana is severely wounded.
The iguana's fire resistance burns away.
The gnoll hits you but does no damage. The iguana bites you!
You die...

##.. ...... ..........
#... .....(...........
#... .....#.#....... #
#... .
##...#.#..$..##.#.+..#
..#...)h.......#....+..#
......)g##.....#... #...
..##...l.........# .#...
.......@........# ..#...
.....#.........###..##..
..# #..#.............##.
#######..>...##...##
##...........#
#####...#.... #....#....
###..#.... #.......


You could see an iguana (combustible), a hound and a gnoll (combustible).

Vanquished Creatures
  A sky beast (D:4)
  A scorpion (D:5)
  A howler monkey (D:5)
  An orc priest (D:4)
  3 hounds
  2 sleepcaps
  3 iguanas (D:5)
  7 orc wizards
  6 adders
  3 gnolls
  3 worms
  2 dart slugs
  13 orcs
  8 endoplasms
  2 giant cockroaches
  4 goblins
  13 hobgoblins
  6 quokkas
  9 ball pythons
  4 bats
  A frilled lizard (D:1)
  6 kobolds
  3 rats
102 creatures vanquished.

Vanquished Creatures (others)
  449 foxfires
449 creatures vanquished.

Grand Total: 551 creatures vanquished

Notes
Turn   | Place    | Note
-------+----------+-------------------------------------------
     0 | D:1      | retardedninja the Gargoyle Fire Elementalist began the
                  | quest for the Orb.
     0 | D:1      | Reached XP level 1. HP: 10/10 MP: 3/3
   355 | D:1      | Reached XP level 2. HP: 15/15 MP: 0/5
   911 | D:1      | Learned a level 2 spell: Scorch
  1107 | D:1      | Reached XP level 3. HP: 19/19 MP: 3/6
  1574 | D:2      | Found Omnomaba's Book Shop.
  1875 | D:2      | Found a runed translucent door.
  1876 | D:2      | Noticed Crazy Yiuf
  2151 | D:2      | Reached XP level 4. HP: 24/24 MP: 2/7
  3573 | D:3      | Found an ancient bone altar of Kikubaaqudgha.
  3580 | D:3      | Reached XP level 5. HP: 28/28 MP: 5/9
  3618 | D:3      | Found a shimmering blue altar of Sif Muna.
  3648 | D:3      | Got a parchment book
  3660 | D:3      | Found a radiant altar of Vehumet.
  3674 | D:3      | Gained mutation: You have large cloven feet. [potion of
                  | mutation]
  3674 | D:3      | Gained mutation: Potions are less effective at restoring
                  | your health. [potion of mutation]
  3674 | D:3      | Lost mutation: Potions are less effective at restoring your
                  | health. [potion of mutation]
  3687 | D:3      | Reached XP level 6. HP: 6/32 MP: 2/10
  4007 | D:3      | Became a worshipper of Vehumet
  5155 | D:4      | Noticed a sky beast
  5164 | D:4      | Killed a sky beast
  5165 | D:4      | Reached XP level 7. HP: 36/36 MP: 9/12
  5454 | D:4      | Reached * piety under Vehumet
  5454 | D:4      | Offered knowledge of Magic Dart by Vehumet.
  6065 | D:5      | Entered Level 5 of the Dungeon
  6105 | D:5      | Reached skill level 1 in Fighting
  6193 | D:5      | Reached skill level 1 in Air Magic
  6268 | D:5      | Found a runed translucent gate.
  6522 | D:5      | Slain by an iguana

Illustrated notes

Levels and vault maps discovered:
D:1:      tarquinn_simple_flora_water_a, layout_loops_corners,
          minmay_misc_feat_columns, minmay_box_of_dots
D:2:      minmay_general_purpose_star, layout_rooms, serial_shops, shop,
          uniq_crazy_yiuf_cottage
D:3:      layout_basic, palyth_temple_overflow_mages, minmay_puff
D:4:      layout_loops_cross, kennysheep_nondescript, minmay_manual_mullet
D:5:      layout_cave_pools, minitemple, gammafunk_ghost_nasty_kobolds,
          kennysheep_cross_room, grunt_decor_fettered

Skill      XL: |  1  2  3  4  5  6  7 |
---------------+----------------------+-----
Dodging        | 2 3 |  3.0
Stealth        | 3 4 |  4.4
Conjurations   | 2 3 4 |  4.1
Spellcasting   | 3 |  3.8
Fire Magic     | 4 |  4.8
Fighting       | 1 |  1.8
Air Magic      | 1 |  1.3

Action                     |  1- 3 |  4- 6 |  7- 9 || total
---------------------------+-------+-------+-------++-------
  Melee: Unarmed           |     8 |       |       ||     8
         Spear             |     3 |    58 |    12 ||    73
         Punch             |     1 |     1 |       ||     2
         Kick              |       |     3 |       ||     3
   Cast: Foxfire           |    86 |   110 |    84 ||   280
         Scorch            |     2 |    20 |    12 ||    34
  Evoke: Wand              |       |     7 |       ||     7
    Use: Potion            |       |     3 |     1 ||     4
         Scroll            |       |       |     3 ||     3
 Armour: Robe              |    13 |    77 |    36 ||   126
         Skin              |       |    10 |       ||    10
  Dodge: Dodged            |    18 |    61 |    16 ||    95
  Block: Other             |       |       |     8 ||     8

Table legend: (Time is in decaauts)
 A = Elapsed time spent in this place.
 B = Non-inter-level travel time spent in this place.
 C = Inter-level travel time spent in this place.
 D = Time resting spent in this place.
 E = Time spent auto-exploring this place.
 F = Levels seen in this place.
 G = Mean time per level.
                   A        B        C        D        E       F      G
               +--------+--------+--------+--------+--------+-----+--------+
         Total |   6551 |   6407 |    144 |    504 |   4817 |   5 | 1310.2 |
       Dungeon |   6551 |   6407 |    144 |    504 |   4817 |   5 | 1310.2 |
               +--------+--------+--------+--------+--------+-----+--------+

Top non-repeatable levels by time:
     D:3: 2068 daAuts
     D:4: 1452 daAuts
     D:1: 1352 daAuts
     D:2: 1221 daAuts
     D:5: 457 daAuts
